Cogmind - Beta 13 @@@ ROGUE MODE // 2024.06.01 @ 08:17:32 Player: tauceti Result: Destroyed by as-52388 with Assembled Heavy Rifle Performance ------------- Evolutions (0) 0 Regions Visited (2) 400 Robots Destroyed (33) 165 Value Destroyed (605) 605 Prototype IDs (0) 0 Alien Tech Used (0) 0 Bonus (-1) -1 TOTAL SCORE: 1169 Bonus ------- Follower Combat Kills 14 Friendly Fire -15 Cogmind --------- Core Integrity 0/250 Matter 188/300 Energy 250/250 System Corruption 1% Temperature Cool (0) Movement Rolling (110) Ox2 Location -10/Mines Parts ------- > --- POWER (1) -------- Ion Engine > --- PROPULSION (2) --- Light Treads Wheel > --- UTILITY (2) ------ Large Storage Unit > --- WEAPON (2) ------- Light Assault Rifle Autogun > --- INVENTORY (15) --- Light Treads Light Treads Wheel Improved Heat Sink Hacking Suite Hacking Suite Field Laser Field Laser Beamcaster Makeshift Hammer Peak State ------------ > --- POWER ------------ (None) > --- PROPULSION ------- Light Treads Light Treads > --- UTILITY ---------- Large Storage Unit Improved Light Armor Plating > --- WEAPON ----------- Beamcaster Autogun > --- INVENTORY -------- Ion Engine Light Treads Wheel Improved Heat Sink Hacking Suite Hacking Suite Field Laser Field Laser Light Assault Rifle Makeshift Hammer [Rating: 15] Favorites ----------- Power Light Ion Engine Engine Light Ion Engine Propulsion Wheel Treads Light Treads Wheel Wheel Flight Unit Flight Unit Utility Large Storage Unit Device Sensor Array Storage Large Storage Unit Protection Improved Light Armor Plating Weapon Autogun Energy Gun EM Pulse Gun Ballistic Gun Autogun Build | -11 -10 -10 ------- Run | Yrd Mat Min Slots Evolved . | . . . Power . | . . . Propulsion . | . . . Utility . | . . . Weapon . | . . . Parts Attached 29 | 5 12 12 Power 3 | 1 1 1 Engine 3 | 1 1 1 Core . | . . . Reactor . | . . . Propulsion 9 | 1 3 5 Treads 4 | . 2 2 Leg . | . . . Wheel 4 | 1 1 2 Hover . | . . . Flight 1 | . . 1 Utility 8 | 1 5 2 Device 1 | . 1 . Storage 4 | 1 3 . Processor . | . . . Hackware . | . . . Protection 3 | . 1 2 Artifact . | . . . Weapon 9 | 2 3 4 Energy Gun 2 | 1 . 1 Energy Cannon . | . . . Ballistic Gun 7 | 1 3 3 Ballistic Cannon . | . . . Launcher . | . . . Special Weapon . | . . . Impact Weapon . | . . . Slashing Weapon . | . . . Piercing Weapon . | . . . Special Melee Weapon . | . . . Unidentified Prototypes . | . . . Parts Lost 8 | . 3 5 Power 1 | . . 1 Propulsion 2 | . 2 . Utility 2 | . 1 1 Weapon 3 | . . 3 Highest Loss Streak 3 | . 1 3 To Critical Strikes . | . . . Average Slot Usage (%) 90 | . 96 84 Engine 13 | . 14 13 Treads 7 | . 12 2 Wheel 13 | . 13 12 Device 2 | . 6 . Storage 14 | . 15 14 Protection 9 | . 4 13 Energy Gun 1 | . 2 . Ballistic Gun 26 | . 25 27 Naked Turns . | . . . Heaviest Build 32 | 11 30 32 Greatest Support 40 | 10 10 40 Greatest Overweight (x) 10 | 1 9 10 Average Overweight (x) 2 | . 1 3 Largest Inventory Capacity 15 | 8 15 15 Average Capacity 12 | 6 11 15 Most Carried 14 | 7 10 14 Average Carried 10 | 4 8 12 Final Capacity 15 | 8 15 15 Final Carried 10 | 7 10 10 Class Distribution -------------------- 100% | Mutant Dominant Class ---------------- Mutant | -10/Materials Mutant | -10/Mines Resources | -11 -10 -10 ----------- Run | Yrd Mat Min Matter Collected 1059 | 250 481 328 Remotely . | . . . Salvage Created 1272 | . 948 324 Parts 73 | . 63 10 Haulers Intercepted 1 | . 1 . Recyclers Shooed 2 | . 2 . Parts Field Recycled . | . . . Retrieved Matter . | . . . Parts Self-Destructed . | . . . Prevented . | . . . Kills | -11 -10 -10 ------- Run | Yrd Mat Min Combat Hostiles Destroyed 32 | . 16 16 Guns 32 | . 16 16 Classes Destroyed 8 | . 7 1 Worker 2 | . 2 . Hauler 1 | . 1 . Recycler 4 | . 3 1 Operator 2 | . 2 . Watcher 3 | . 3 . Swarmer 10 | . 6 4 Grunt 11 | . 10 1 Assembled 11 | . . 11 Best Kill Streak 6 | . 6 6 Combat Bots Only 6 | . 4 6 Max Kills in Single Turn 1 | . 1 1 Gunslinging . | . . . Exploded . | . . . Melee . | . . . Uniques/NPCs Destroyed . | . . . Combat | -11 -10 -10 -------- Run | Yrd Mat Min Hostile Shots Fired 139 | . 68 71 Missed 23 | . 10 13 Damage Taken 1638 | . 649 989 Core 254 | . 130 124 Absorbed by Shields . | . . . Redirected to Shielding 11 | . 11 . Core Remaining (%) 100 | 100 . . Volleys Fired 122 | . 68 54 Largest 2 | . 2 2 Hottest 98 | . 60 98 Shots Fired 231 | . 136 95 Gun 231 | . 136 95 Cannon . | . . . Launcher . | . . . Special . | . . . Kinetic 206 | . 119 87 Thermal 8 | . . 8 Explosive . | . . . Electromagnetic 17 | . 17 . Robot Hit Streak 10 | . 10 6 Robot Miss Streak 5 | . 5 4 Penetration Max . | . . . Secondary Targets 3 | . 2 1 Max Gunslinging Chain 1 | . 1 1 Shots Hit Robots 127 | . 77 50 Core Hits 70 | . 46 24 Critical Kills 3 | . 1 2 Critical Parts Destroyed 2 | . . 2 Critical Strikes 6 | . 1 5 Burn 1 | . . 1 Destroy 5 | . 1 4 Melee Attacks . | . . . Impact . | . . . Slashing . | . . . Piercing . | . . . Sneak Attacks . | . . . Combat Hostiles . | . . . Follow-up Attacks . | . . . Damage Inflicted 1882 | . 1044 838 Guns 1882 | . 1044 838 Cannons . | . . . Explosions . | . . . Melee . | . . . Ramming . | . . . Kinetic 1630 | . 917 713 Thermal 125 | . . 125 Explosive . | . . . Electromagnetic 127 | . 127 . Impact . | . . . Slashing . | . . . Piercing . | . . . Highest Corruption 1 | . 1 1 Average Corruption 1 | . 1 1 Corruption Purged . | . . . Corruption Blocked . | . . . Effects 22 | . 12 10 Message Errors 4 | . 3 1 Matter Fused 5 | . 2 3 Heat Flow Errors 2 | . 2 . Energy Discharges 4 | . 2 2 Parts Rejected 1 | . . 1 Data Loss (minor) 3 | . 2 1 Data Loss (major) 3 | . 1 2 Overload Shots . | . . . Overflow Damage 6 | . 6 . Projectiles . | . . . Explosions 6 | . 6 . Melee . | . . . Knockbacks . | . . . Impact . | . . . Kinetic . | . . . Secondary . | . . . Self-Inflicted Damage 71 | . 71 . Shots 1 | . 1 . Rammed . | . . . Targets Rammed . | . . . Kicked . | . . . Crushed . | . . . Highest Temperature 491 | . 251 491 Average Temperature 74 | . 36 126 Received Heat Transfer 525 | . 219 306 Effects 5 | . . 5 Interference 1 | . . 1 Damage (major) 4 | . . 4 Siege Activations . | . . . Robots Corrupted . | . . . Combat Hostiles . | . . . Parts Fried . | . . . Impact Corruptions . | . . . Robots Melted . | . . . Combat Hostiles . | . . . Parts Melted . | . . . Heat Transferred 296 | . . 296 Parts Sabotaged . | . . . Parts Stolen . | . . . Parts Stripped . | . . . Power Chain Reactions . | . . . Alert | -11 -10 -10 ------- Run | Yrd Mat Min Peak Influence 272 | . 272 92 Initial 57 | . . 57 Average 54 | . 82 28 Maximum Alert Level 1 | . 1 . Low Security (%) 94 | 100 89 100 Level 1 5 | . 10 . Level 2 . | . . . Level 3 . | . . . Level 4 . | . . . Level 5 . | . . . High Security . | . . . Max Security . | . . . Squads Dispatched 5 | . 4 1 Investigation 3 | . 2 1 Extermination . | . . . Reinforcement 2 | . 2 . Assault . | . . . Garrison . | . . . Intercept . | . . . Searches Triggered . | . . . Construction Impeded . | . . . Haulers Reinforced . | . . . Active Scanning Responses . | . . . Cargo Convoy Interrupts . | . . . Stealth | -11 -10 -10 --------- Run | Yrd Mat Min Distress Signals . | . . . Communications Jammed . | . . . Distress Signals . | . . . Times Spotted 53 | . 30 23 Peak Tracking Total 5 | . 4 5 Tactical Retreats 3 | . 1 2 Traps | -11 -10 -10 ------- Run | Yrd Mat Min Traps Triggered . | . . . Indirectly . | . . . Trap Hack Attempts . | . . . Triggered . | . . . Disarmed . | . . . Reprogrammed . | . . . Reused . | . . . Traps Extracted . | . . . Installed . | . . . Triggered . | . . . Machines | -11 -10 -10 ---------- Run | Yrd Mat Min Machines Disabled 1 | . 1 . Max in Single Turn 1 | . 1 . Machines Repaired . | . . . Machines Dismantled . | . . . Machines Sabotaged . | . . . Overloaded Fab Kills . | . . . Hacking | -11 -10 -10 --------- Run | Yrd Mat Min Machines Accessed 5 | . 4 1 Terminals 4 | . 4 . Fabricators . | . . . Repair Stations . | . . . Recycling Units . | . . . Scanalyzers . | . . . Garrison Access . | . . . Total Hacks 18 | . 17 1 Successful 9 | . 8 1 Failed 9 | . 9 . Catastrophic 1 | . 1 . Database Lockouts . | . . . Manual 15 | . 15 . Terminals 17 | . 17 . Fabricators . | . . . Repair Stations . | . . . Recycling Units . | . . . Scanalyzers . | . . . Garrison Access . | . . . Terminal Hacks 3 | . 2 1 Open Door 1 | . . 1 Recall Investigation 1 | . 1 . Hauler Manifests 1 | . 1 . Fabricator Hacks . | . . . Repair Station Hacks . | . . . Recycling Unit Hacks . | . . . Scanalyzer . | . . . Garrison Access Hacks . | . . . Unauthorized Hacks 6 | . 6 . Terminals 6 | . 6 . Track 1 | . 1 . Assimilate 1 | . 1 . Botnet 3 | . 3 . Operators 1 | . 1 . Fabricators . | . . . Repair Stations . | . . . Recycling Units . | . . . Scanalyzers . | . . . Garrison Access . | . . . Data Cores Recovered . | . . . Used . | . . . Hacking Detections 4 | . 4 . Full Trace Events 2 | . 2 . Feedback Events 1 | . 1 . Corruption 1 | . 1 . Feedback Blocked . | . . . Robot Schematics Acquired . | . . . Robots Built . | . . . Authchips . | . . . Time . | . . . Total Robot Build Rating . | . . . Part Schematics Acquired . | . . . Parts Built . | . . . Authchips . | . . . Time . | . . . Total Part Build Rating . | . . . Parts Repaired . | . . . Time . | . . . Parts Recycled . | . . . Recycled Matter . | . . . Retrieved Matter . | . . . Retrieved Components . | . . . Parts Scanalyzed . | . . . Part Schematics Acquired . | . . . Parts Damaged . | . . . Bothacking | -11 -10 -10 ------------ Run | Yrd Mat Min Used RIF Installer . | . . . Robots Hacked . | . . . Non-combat . | . . . Combat . | . . . Robot Hacks Applied . | . . . Relay Couplers Released . | . . . Fabnet Peak Effective % . | . . . Robots Rewired . | . . . Allies Hacked . | . . . Hacks Repelled . | . . . Allies | -11 -10 -10 -------- Run | Yrd Mat Min Total Allies 4 | . 1 3 Largest Group 3 | . 1 3 Highest-Rated Group 69 | . 10 69 Highest-Rated Ally 31 | . 10 31 Total Orders . | . . . Ally Attacks 12 | . . 12 Total Damage 147 | . . 147 Kills 2 | . . 2 Allies Corrupted . | . . . Allies Melted . | . . . Intel | -11 -10 -10 ------- Run | Yrd Mat Min Robot Analysis Total . | . . . Derelict Logs Recovered . | . . . Drone Launches . | . . . Drone Recoveries . | . . . Exploration | -11 -10 -10 ------------- Run | Yrd Mat Min Turns Passed 2871 | 58 1388 1425 Spaces Moved 1714 | 48 939 727 Core 62 | 2 2 58 Treads 33 | . . 33 Legs . | . . . Wheels 1619 | 46 937 636 Hover . | . . . Flight . | . . . Fastest Speed 50 | 50 95 110 Average Speed 124 | 88 101 156 Slowest Speed 550 | 95 500 550 Overloaded Moves . | . . . Propulsion Burnouts . | . . . Robots Hopped . | . . . Cave-ins Triggered . | . . . Exploration Rate (%) 55 | 4 79 84 Regions Visited 2 Branch Regions 1 Pre-discovered Areas . | . . . Known Exits Taken . | . . . Unknown Exits Taken 2 | 1 1 . Scrap Searched 1 | . . 1 Spaces Dug . | . . . Terrain Destroyed 12 | . 12 . Melee . | . . . Projectile . | . . . AOE 12 | . 12 . Terrain Rammed . | . . . Walls Destroyed . | . . . Machines Disabled . | . . . Actions | -11 -10 -10 --------- Run | Yrd Mat Min Total 2268 | 61 1270 937 Wait 362 | . 230 132 Move 1712 | 47 938 727 Hop . | . . . Pick Up 28 | 9 12 7 Fast Attach 11 | 3 5 3 Attach 12 | 2 3 7 Detach 1 | . . 1 Swap 6 | . 4 2 Drop 14 | . 10 4 Fire 122 | . 68 54 Melee . | . . . Ram . | . . . Kick . | . . . Crush . | . . . Escape Stasis . | . . . Rewire . | . . . Trap . | . . . Miscellaneous . | . . . Route ------- -11/Scrapyard -10/Materials (discovered 3 exits: [*Mat x2] / *Min) -10/Mines History --------- Turn | Location | Event 26 | -11/Scrapyard | Discovered new exit (range 16) 59 | -11/Scrapyard | Entered Materials 321 | -10/Materials | Build established: Mutant 422 | -10/Materials | Discovered new exit (range 15) 621 | -10/Materials | Discovered new exit (range 13) 1302 | -10/Materials | Discovered new exit (range 12) 1337 | -10/Materials | Core integrity fell below 50% 1447 | -10/Materials | Entered Mines 1629 | -10/Mines | Met a Derelict shopkeep closing up shop 2141 | -10/Mines | A weapon hastily lodged in a ceiling crevice suddenly fell to the ground 2295 | -10/Mines | Received a Mining Laser from a helpful Derelict 2416 | -10/Mines | Assembled infested the area 2470 | -10/Mines | Lost 3 allies 2699 | -10/Mines | Core integrity fell below 20% 2755 | -10/Mines | Lost 3 parts (1p2w) 2872 | -10/Mines | Destroyed by as-52388 with Assembled Heavy Rifle Last Messages --------------- 02773_ Imp. Light Armor Plating destroyed. 02781_ as-07282 destroyed. 02786_ Destroyed Asb. F-torch. 02788_ Overheating: Lrg. Storage Unit damaged (-116). 02788_ Overheating: Lgt. Treads damaged (-55). 02788_ Overheating: Autogun damaged (-8). 02788_ Overheating: Lgt. Treads damaged (-25). 02797_ Overheating: System interference. 02797_ Autogun temporarily disabled. 02808_ as-37553 destroyed. 02810_ Acquired 8 matter. 02813_ Acquired 15 matter. 02814_ Acquired 7 matter. 02816_ Acquired 12 matter. 02840_ Acquired 15 matter. 02844_ Acquired Wheel. 02846_ Acquired 15 matter. 02854_ System corrupted: Substantial component data lost. 02854_ Acquired 10 matter. 02855_ Acquired 7 matter. Map ----- +----------------------------------------------------+ | ?# #### ###%###?????# #???????## | | ?# ##== ###???# #?????? # | | ?# = ##??#%### ## !% | | ?# *%= %* #?## #??## | | ?## = #?# ##???# | | ??## ### #####?# ##????# | | ???## #####?## #?????#######?????### | | ????## ##??????# ## #????????????????????## | | ????## #???????# ## #?????????????????????? | | ????# #???????# ## #???????????####??????? | | ????# #???????# % #??????????## ##????** | | ????# ##???????#a ####??????????# ##?? =! | | ????## ##????????# #?????????????# #?? | | ?????####?????????# #?????????????# #? " | | ??????????????????# #????????????## #? | | ??????????????????# #????????????# ## = | | ??????????????????# #?????????#### =%# | | ??????????????????# ##????????# % ! | ## | | ??????????????????# ##???##### ! ##? | | ??????????????????# #???# ### #?? | | ?????????????????## #???# #####?# = #?? | | ????????????????## #???# #?????## % #?? | | ????????????????# =#???# #??????## ###?? | | ??????? ##### *%##### #??????## ##???? | | ??????? !%! = #?????## ##????? | | ??????? =|= @ #?????# ##????? | | ??????? ######### ### ##?????# ###### | | ????????????????????#####?# #??????# | | ??????????????????????????# #?????# | | ??????????????????????????# #????# ### # | | ???????????????????????#### ###??# ##?## ### | | ???????????????????????# #??# #?????####?? | | ???????????????????????# #??##???????????? | | ???????????????????????# #???????????????? | | ???????????????????????# """ #???????????????? | | ???????????????????????# """ #???????????????? | | ???????????????????????# """ #???????????????? | | ???????????????????????# #???????????????? | | ???????????????????????# #???????????????? | | ???????????????????????########???????????????? | | ??????????????????????????????????????????????? | | | | | | | | | | | | | | | | | | | +----------------------------------------------------+ Best States ------------- Heat Dissipation 25 Energy Generation 10 Energy Capacity 250 Matter Stores 300 Matter Capacity 300 Sight Range 16 Robot Scan Range 14 Terrain Scan Density 10 Armor Coverage 150 Utility Shielding 33 Evasion (%) 41 Recoil Reduction 2 Item Schematics ----------------- None Robot Schematics ------------------ None Fabricated ------------ Nothing Alien Tech Used ----------------- None Achievements -------------- None Challenges ------------ None Game ------ Seed NeutronTerrainMachine Manual? 0 Play Time 00:26:01 Cumulative 19.1 hours Start 2024.06.01 @ 07:51:41 End 2024.06.01 @ 08:17:32 Sessions 1 Manual Loads 0 Difficulty Rogue Special Mode None Game No. 20 Rogue 15 Adventurer 5 Explorer 0 Win Type - Total 0 Types 0/0/0/0/0/0/0/0/0 Lore% 21 Gallery% 26 Achievement% 23 Wizard Run 0 Options --------- Layout 0 ASCII 0 Keyboard 0 Movement Arrows Keybinds 0 Fullscreen 2 Font 24/Smallcaps Map View 76x56 Zoom Use 0% Tactical HUD 1 Map Filters NONE Filters NONE Steam 1 RUN: cea23205-a27c-477f-a14a-ca9694ef9df5